 Dungeon Crawl Stone Soup version 0.31.0-9-g3a7656b989 (webtiles) character file.

Game seed: 8231313872770943688

86 qw the Shooter (level 4, 0/36 HPs)
             Began as a Demigod Hunter on Feb 2, 2024.
             Slain by a gnoll
             ... wielding a +0 halberd
              (2 damage)
             ... on level 4 of the Dungeon.
             The game lasted 00:00:10 (2141 turns).

qw the Shooter (Demigod Hunter)                     Turns: 2141, Time: 00:00:10

Health: 0/36       AC:  8    Str: 12    XL:     4   Next: 6%
Magic:  6/6        EV: 11    Int: 11    God:
Gold:   176        SH:  0    Dex: 21    Spells: 3/3 levels left

rFire   . . .        a - +0 shortbow
rCold   . . .        (shield currently unavailable)
rNeg    . . .        e - +0 ring mail
rPois   .            (no helmet)
rElec   .            (no cloak)
rCorr   .            j - +0 pair of gloves
SInv    .            c - +1 pair of boots
Will    .....        (no amulet)
Stlth   +            (no ring)
HPRegen 0.26/turn    (no ring)
MPRegen 0.10/turn

%: no passive effects
@: about to teleport
A: high MP 1, forlorn, divine attributes
a: no special abilities


You were on level 4 of the Dungeon.
You visited 1 branch of the dungeon, and saw 4 of its levels.

You collected 176 gold pieces.


Innate Abilities, Weirdness & Mutations

You have an increased reservoir of magic. (+10% MP)
You shall have no god before yourself.
Your divine heritage dramatically boosts your attributes as you level up.


   Skills:
 - Level 2.0 Fighting
 - Level 5.0 Ranged Weapons
 - Level 1.0 Armour
 + Level 1.8 Dodging
 - Level 0.8 Stealth


You had 3 spell levels left.
You didn't know any spells.
Your spell library was empty.

Inventory:

Hand Weapons
 a - a +0 shortbow (weapon)
Armour
 c - a +1 pair of boots (worn)
 e - a +0 ring mail (worn)
 j - a +0 pair of gloves (worn)
Jewellery
 f - an amulet of reflection
Wands
 n - a wand of paralysis (2)
Scrolls
 d - a scroll of teleportation
 g - a scroll of amnesia {unknown}
Potions
 b - a potion of haste
 h - a potion of resistance
 k - a potion of heal wounds
 m - 2 potions of mutation

Dungeon Overview and Level Annotations

Branches:
Dungeon (4/15)
 Temple: D:4-7


Message History

The quokka misses you. The gnoll hits you but does no damage.
The quokka bites you.
The gnoll hits you from afar with a +0 halberd.
The gnoll barely misses you.
You shoot an arrow. The arrow closely misses the quokka.
The arrow hits the gnoll.
The gnoll is lightly wounded.
The quokka closely misses you.
The gnoll hits you from afar with a +0 halberd.
The gnoll hits you but does no damage.
You shoot an arrow. The arrow hits the quokka.
The quokka is severely wounded.
The quokka twitches its whiskers.
The quokka bites you but does no damage.
The gnoll hits you from afar with a +0 halberd.
The gnoll barely misses you. The quokka closely misses you.
You shoot an arrow. The arrow hits the quokka.
You kill the quokka!
The gnoll closely misses you.
The gnoll hits you from afar with a +0 halberd.
You shoot an arrow. The arrow hits the gnoll.
The gnoll is lightly wounded.
The gnoll hits you from afar with a +0 halberd. x2
The gnoll barely misses you. The gnoll misses you.
The gnoll hits you from afar with a +0 halberd.
The gnoll misses you.
You shoot an arrow. The arrow hits the gnoll.
The gnoll is moderately wounded.
The gnoll closely misses you. The gnoll barely misses you. x2
You shoot an arrow.
The arrow hits the gnoll but does no damage.
The gnoll is moderately wounded.
The gnoll barely misses you.
The gnoll hits you from afar with a +0 halberd.
The gnoll hits you with a +0 club.
2141 ||| READING 2 scrolls of teleportation.
As you read the scroll of teleportation, it crumbles to dust.
You feel strangely unstable.
The gnoll hits you from afar with a +0 halberd.
You die...

#.# ##.# #.# .#.# #.#
.#.# #.# .#.# #.# .#.# #
#.# .#.# .# #.# #####
.#.###.##.###.####g.....
.<.....##.......@gg.."..
#....########.####g.....
####.##.......# .....
#.......####..# ....
#.......# #..## ...
#.......###..# ..
#............#####.. .
#........###........
#........# #########


You could see 4 gnolls.

Vanquished Creatures
  An adder (D:3)
  5 ribbon worms
  3 dart slugs (D:1)
  An orc (D:3)
  6 ball pythons
  7 endoplasms
  A giant cockroach (D:1)
  6 goblins
  5 hobgoblins
  4 jackals (D:1)
  A quokka (D:4)
  2 bats
  2 frilled lizards (D:2)
  5 kobolds
  4 rats
53 creatures vanquished.

Notes
Turn   | Place    | Note
-------+----------+-------------------------------------------
     0 | D:1      | qw the Demigod Hunter began the quest for the Orb.
     0 | D:1      | Reached XP level 1. HP: 17/17 MP: 3/3
     0 | D:1      | 0 ||| qw: Version: 0.3-a-155-g5e7d8dd
     0 | D:1      | 0 ||| qw: Game counter: 338
     0 | D:1      | 0 ||| qw: Melee chars always use a shield: true
     0 | D:1      | 0 ||| qw: God list: Okawaru
     0 | D:1      | 0 ||| qw: Allow faded altars: false
     0 | D:1      | 0 ||| qw: Do Orc after clearing Dungeon:15 true
     0 | D:1      | 0 ||| qw: Do second Lair branch before Depths: true
     0 | D:1      | 0 ||| qw: Lair rune preference: random
     0 | D:1      | 0 ||| qw: Goals: Normal
     0 | D:1      | 0 ||| PLANNING D:1-11
    30 | D:1      | 30 ||| DROPPING scroll of butterflies.
    87 | D:2      | Reached skill level 4 in Ranged Weapons
   291 | D:2      | Reached XP level 2. HP: 24/24 MP: 4/4
   434 | D:2      | 434 ||| UPGRADING to +0 ring mail.
   444 | D:2      | 444 ||| DROPPING +0 leather armour.
   445 | D:2      | 445 ||| READING 2 scrolls labelled QEKLY BYSUFEHO.
   446 | D:2      | 446 ||| READING scroll labelled VAITIM LUNYAMY.
   449 | D:2      | 449 ||| READING scroll labelled JOECHE ZAPNUWI.
   449 | D:2      | 449 ||| ENCHANTING +0 shortbow.
   450 | D:2      | 450 ||| READING scroll labelled ARUTIAROFF.
   450 | D:2      | 450 ||| IDENTIFYING cyan potion
   451 | D:2      | 451 ||| DROPPING scroll of blinking.
   676 | D:1      | Reached XP level 3. HP: 29/29 MP: 5/5
  1089 | D:1      | 1089 ||| UPGRADING to +0 pair of boots.
  1094 | D:1      | 1094 ||| READING 2 scrolls labelled UMIZEE RUUBU.
  1097 | D:1      | 1097 ||| DRINKING 2 emerald potions.
  1098 | D:1      | 1098 ||| DROPPING potion of brilliance.
  1329 | D:2      | 1329 ||| READING 3 scrolls labelled PIATHRA ZUFINT.
  1330 | D:2      | 1330 ||| DROPPING 2 scrolls of immolation.
  1398 | D:2      | Reached skill level 5 in Ranged Weapons
  1568 | D:2      | 1568 ||| READING scroll of enchant armour.
  1568 | D:2      | 1568 ||| ENCHANTING +0 pair of boots.
  1681 | D:2      | 1681 ||| READING scroll labelled JEITOT RI QEM.
  1961 | D:3      | Reached XP level 4. HP: 36/36 MP: 6/6
  2018 | D:3      | Reached skill level 1 in Armour
  2055 | D:3      | 2055 ||| UPGRADING to +0 pair of gloves.
  2060 | D:3      | 2060 ||| READING 6 scrolls of identify.
  2060 | D:3      | 2060 ||| IDENTIFYING bubbling amethyst potion
  2061 | D:3      | 2061 ||| READING 5 scrolls of identify.
  2061 | D:3      | 2061 ||| IDENTIFYING lumpy ruby potion
  2062 | D:3      | 2062 ||| READING 4 scrolls of identify.
  2062 | D:3      | 2062 ||| IDENTIFYING smoky blue potion
  2063 | D:3      | 2063 ||| READING 3 scrolls of identify.
  2063 | D:3      | 2063 ||| IDENTIFYING sapphire potion
  2064 | D:3      | 2064 ||| READING 2 scrolls of identify.
  2064 | D:3      | 2064 ||| IDENTIFYING 2 sedimented coppery potions
  2065 | D:3      | 2065 ||| READING scroll of identify.
  2065 | D:3      | 2065 ||| IDENTIFYING scroll labelled PYWU LYEWKIM
  2066 | D:3      | 2066 ||| DROPPING potion of berserk rage.
  2067 | D:3      | 2067 ||| DROPPING potion of ambrosia.
  2068 | D:3      | 2068 ||| DROPPING scroll of fear.
  2140 | D:4      | HP: 7/36 [gnoll/+0 halberd (5)]
  2140 | D:4      | HP: 2/36 [gnoll/+0 club (5)]
  2141 | D:4      | 2141 ||| READING 2 scrolls of teleportation.
  2141 | D:4      | Slain by a gnoll

Levels and vault maps discovered:
D:1:      roderic_crop_circles_arrival_small, layout_loops_cross,
          kennysheep_nondescript
D:2:      layout_rooms, serial_co_window_serial, co_window_corner_a,
          co_window_cross_1, co_window_of_opportunity_a, co_window_corner_a,
          co_window_of_opportunity_a, co_window_2corner,
          co_window_unsneaky_path_e, co_window_paths_c,
          co_window_unsneaky_path_a, co_window_cross_4, co_window_broadway_c,
          co_window_corner_b, glass_columns_c, glass_columns_a, glass_columns_a,
          glass_columns_b, minivault_5
D:3:      layout_rooms
D:4:      layout_basic, minmay_temple_entry_large_hall

Skill      XL: |  1  2  3  4 |
---------------+-------------+-----
Ranged Weapons | 4 5 |  5.0
Fighting       | 2 |  2.0
Armour         | 1 |  1.0
Dodging        | |  1.8
Stealth        | |  0.8

Action                     |  1- 3 |  4- 6 || total
---------------------------+-------+-------++-------
   Fire: Shortbow          |   178 |    22 ||   200
    Use: Scroll            |     8 |     7 ||    15
         Potion            |     1 |       ||     1
 Armour: Leather armour    |     4 |       ||     4
         Ring mail         |    35 |    17 ||    52
  Dodge: Dodged            |    41 |    16 ||    57

Table legend:
 A = Non-vault XP
 B = Vault XP
 C = Vault XP percentage of total XP
 D = Non-vault monster count
 E = Vault monster count
 F = Vault count percentage of total count
                 A         B        C        D         E       F
            +---------+---------+-------+---------+---------+-------
      Total |     124 |       0 |   0.0 |      53 |       0 |   0.0
            +---------+---------+-------+---------+---------+-------
        D:1 |      52 |       0 |   0.0 |      26 |       0 |   0.0
        D:2 |      43 |       0 |   0.0 |      19 |       0 |   0.0
        D:3 |      25 |       0 |   0.0 |       6 |       0 |   0.0
        D:4 |       4 |       0 |   0.0 |       2 |       0 |   0.0
            +---------+---------+-------+---------+---------+-------
